cohdb
Replays
Latest Replays
All Replays
Popular Replays
Top Player Replays
Match Explorer
How It Works
Community
CoH3 Stats
Reddit
Sign in to upload your games and track your stats! →
Sign in with Steam
Match 42300297
Unlisted
Match 42300297
Overview
Messages
Build Orders
End
Kradschützen Motorcycle Team
Selects Italian Combined Arms Battlegroup
Selects Bersaglieri Squad
Bersaglieri Squad
Bersaglieri Squad
Construct Light Support Kompanie
250 Light Carrier
Selects Vehicle Support - Secure Location
Combat Half-tracks
2.5-tonne Medical Truck
Forward Retreat Point
Panzerjäger Squad
Selects Breda Model 30 Light Machine Guns
Bersaglieri Squad
Construct Mechanized Kompanie
Support Armor Elements
Emergency Repair Kits
EX-K1
Kawling
CPU - Hard
DIO!!!
NewPeopleArmy
minaamiel3
TidaL
我们是毛主席的红卫兵
0
0
Comments
sign in to comment!
No comments posted yet!